Map: Taito Citadel LE

Players

HoldTheDoor - Winner!

  • Race: Protoss Protoss
  • League: Diamond
  • Spawn Location: 5:00

Turkeyleg

  • Race: Protoss Protoss
  • League: Diamond
  • Spawn Location: 11:00

VOD

Have the link to the VOD?

Description

Time

  • Played on: May 25, 2026, 10:47 a.m.
  • Length: 5:22
Show
View Real Time Build Order
Export as new Build Order

HoldTheDoor Protoss - Winner!

Build Orders:  

Get SALT Encoding   

  12  0:01  Probe  
  13  0:13  Probe  
  14  0:18  Pylon  
  14  0:24  Probe  
  15  0:33  Probe  
  15  0:40  Gateway  
  15  0:41  Probe  
  17  0:52  Probe  
  17  0:55  Assimilator  
  18  0:59  Assimilator  
  18  1:04  Probe  
  18  1:06  Assimilator  
  19  1:16  Probe  
  20  1:28  Probe  
  21  1:33  Cybernetics Core  
  21  1:37  Pylon  
  21  1:40  Probe  
  22  1:48  Pylon  
  22  1:52  Probe  
  23  2:03  Gateway  
  23  2:04  Probe  
  24  2:08  Stalker  
  24  2:13  Warp Gate  
  26  2:16  Shield Battery  
  26  2:22  Probe  
  27  2:30  Robotics Facility  
  27  2:34  Probe  
  28  2:37  Stalker  
  30  2:46  Probe  
  31  2:54  Gateway  
  31  3:00  Probe  
  32  3:15  Pylon  
  32  3:22  Immortal  
  36  3:36  Pylon  
  36  3:51  Immortal  
  36  4:02  Stalker x3  
  46  4:03  Pylon  
  46  4:21  Shield Battery  
  46  4:25  Stalker  
  46  4:26  Stalker  
  46  4:27  Stalker  
  50  4:55  Sentry x2  
  50  4:56  Zealot  
Show
View Real Time Build Order
Export as new Build Order

Turkeyleg Protoss 

Build Orders:  

Get SALT Encoding   

  12  0:00  Probe  
  13  0:12  Probe  
  14  0:22  Pylon  
  14  0:26  Probe  
  15  0:40  Probe  
  15  0:41  Gateway  
  16  0:51  Assimilator  
  16  0:52  Probe  
  17  1:04  Probe  
  18  1:16  Probe  
  19  1:22  Gateway  
  19  1:28  Probe  
  20  1:34  Cybernetics Core  
  20  1:40  Probe  
  21  1:51  Pylon  
  21  1:52  Probe  
  22  2:02  Adept x2  
  22  2:04  Warp Gate  
  22  2:06  Probe  
  27  2:22  Nexus, Probe  
  28  2:34  Probe  
  28  2:36  Adept, Pylon  
  31  2:54  Adept, Probe  
  31  2:58  Twilight Council  
  34  3:07  Probe  
  33  3:36  Gateway  
  33  3:37  Shield Battery  
  33  3:38  Pylon  
  33  3:48  Gateway  
  33  3:51  Robotics Facility  
  33  3:54  Pylon  
  33  3:56  Assimilator x2  
  33  4:01  Shield Battery  
  33  4:02  Stalker  
  35  4:10  Assimilator  
  35  4:15  Stalker  
  35  4:16  Probe x2  
  39  4:25  Gateway  
  39  4:28  Probe  
  39  4:29  Probe  
  37  4:55  Pylon  
  37  4:56  Pylon, Stalker x2  
Tags
 
Matchup
PvP
Replay Pack
SC2Mai2026
Spawn Locations
Cross Positions
Add a new tag
Caveats
  • Supply blocks, unpowered buildings, or Contaminate may cause inaccurate times.
  • Supply counts are checked every 10 seconds.